Get step-by-step instructions on how to execute this build order below. Start the game timer, and the build order will tick by so you can play in parallel with StarCraft on a second screen or mobile device.

Game Time

  0:00

Last Step

  N/A

Next Step

Upcoming Step



Don't want to look back and forth between 2 screens? Try out our Overwolf App, the Spawning Tool Build Advisor to get an in-game overlay with this build!

Complete Build Order

  12  0:00  Probe  
  13  0:12  Probe  
  14  0:17  Pylon  
  14  0:24  Probe (Chrono Boost)  
  15  0:36  Probe (Chrono Boost)  
  15  0:37  Gateway  
  16  0:45  Probe (Chrono Boost)  
  16  0:46  Assimilator  
  17  0:50  Probe  
  17  0:55  Assimilator  
  18  1:03  Probe (Chrono Boost)  
  19  1:07  Gateway  
  19  1:13  Probe (Chrono Boost)  
  19  1:18  Probe (Chrono Boost)  
  20  1:24  Cybernetics Core  
  21  1:29  Probe  
  22  1:34  Pylon  
  22  1:41  Probe  
  23  1:53  Probe  
  24  2:00  Sentry, Stalker  
  24  2:01  Warp Gate  
  28  2:11  Pylon  
  28  2:21  Shield Battery  
  28  2:29  Stalker  
  30  2:31  Probe  
  31  2:43  Probe  
  32  2:46  Nexus  
  32  2:49  Sentry  
  33  2:55  Shield Battery  
  34  2:58  Probe  
  34  3:01  Sentry  
  36  3:11  Twilight Council  
  36  3:14  Probe  
  37  3:23  Pylon  
  37  3:27  Probe  
  38  3:39  Probe  
  38  3:40  Blink (Chrono Boost)  
  39  3:48  Stalker  
  39  3:52  Probe (Chrono Boost)  
  42  3:56  Stalker  
  42  3:59  Probe (Chrono Boost)  
  45  4:08  Probe x2 (Chrono Boost)  
  47  4:12  Stalker  
  47  4:13  Probe (Chrono Boost)  
  47  4:15  Probe  
  51  4:25  Probe, Stalker  
  51  4:27  Probe  
  51  4:31  Shield Battery  
  53  4:37  Probe  
  52  4:39  Probe  
  52  4:41  Stalker  
  55  4:48  Stalker  
  55  4:50  Probe  
  55  4:51  Probe  
  59  4:56  Pylon  
  59  4:58  Nexus  
  59  5:02  Probe  
  59  5:03  Probe  
  61  5:14  Probe  
  62  5:15  Probe  
  63  5:22  Forge  
  63  5:26  Shield Battery, Probe  
  64  5:28  Stalker x2  
  64  5:30  Probe  
  64  5:31  Pylon  
  64  5:35  Charge  
  69  5:38  Probe (Chrono Boost)  
  70  5:45  Protoss Ground Weapons Level 1 (Chrono Boost)  
  71  5:50  Robotics Facility, Probe (Chrono Boost)  
  71  5:54  Probe (Chrono Boost)  
  72  5:59  Nexus  
  72  6:02  Probe x2 (Chrono Boost)  
  74  6:11  Probe  
  75  6:12  Probe  
  75  6:13  Probe  
  77  6:21  Pylon  
  77  6:23  Probe  
  77  6:24  Probe  
  79  6:25  Gateway  
  79  6:26  Probe  
  79  6:28  Gateway  
  79  6:31  Gateway  
  80  6:34  Gateway  
  80  6:35  Probe  
  80  6:36  Probe  
  80  6:38  Observer  
  84  6:40  Probe  
  84  6:44  Gateway  
  84  6:47  Gateway  
  84  6:50  Probe x2  
  84  6:52  Probe  
  87  6:54  Shield Battery  
  87  6:55  Pylon  
  87  7:01  Warp Prism  
  87  7:02  Probe x2  
  87  7:04  Probe  
  92  7:11  Probe  
  92  7:12  Stalker x2  
  92  7:14  Pylon, Probe x2  
  99  7:16  Probe  
  100  7:24  Stalker x2  
  104  7:31  Gateway, Probe x3  
  104  7:32  Gateway, Probe  
  104  7:33  Pylon  
  108  7:38  Stalker x3  
  108  7:44  Zealot x3  
  120  7:50  Observer  
  121  7:54  Stalker x2  
  121  7:57  Pylon x2  
  124  8:04  Photon Cannon  
  122  8:13  Stalker x3  
  122  8:16  Zealot x3  
  122  8:17  Zealot x2  
  136  8:24  Shield Battery  
  136  8:31  Nexus  
  136  8:32  Pylon  
  136  8:36  Stalker x2  
  136  8:41  Pylon  
  139  8:42  Zealot x4  
  141  8:48  Zealot x3  
  141  8:49  Zealot  
  125  8:59  Probe  
  125  9:01  Gateway x2  
  125  9:02  Zealot x5  
  122  9:03  Zealot  
  114  9:12  Zealot x3  
  114  9:16  Shield Battery  
  106  9:20  Zealot  
  106  9:23  Zealot x2  
  106  9:24  Zealot x2  
  94  9:27  Zealot  
  92  9:44  Stalker x5  
  92  9:45  Stalker  
  90  9:46  Stalker  
  90  9:52  Zealot, Stalker  
  93  9:56  Stalker  
  95  10:03  Zealot x2  
  99  10:09  Zealot x3